NCAA
XAVIER MUSKETEERS @ SOUTHERN CALIFORNIA TROJANS
04/06/2028
 
TOP OF THE 1ST
Xavier Musketeers batting - Pitching for Southern California Trojans : RHP Micheal Farr
Pitching: RHP Micheal Farr
Batting: RHB Art Cornell 0-0: Ball
1-0: Ball
2-0: Swinging Strike
2-1: DOUBLE (Line Drive, 78D)
Batting: RHB Florentino López 0-0: Called Strike
0-1: Swinging Strike
0-2: Ball
1-2: Ball
2-2: Foul Ball, location: 2F
2-2: SINGLE (Line Drive, 4MD)
Art Cornell to third
Batting: LHB Freddy Torres 0-0: Called Strike
0-1: Swinging Strike
0-2: Strikes out looking
Batting: LHB Luis Martínez 0-0: Called Strike
0-1: Fly out, F8 (Flyball, 8LD)
Runner from 3rd tags up, SCORES, no throw
Batting: RHB Jeff Lawrence 0-0: Ball
1-0: Ball
2-0: Ball
3-0: Called Strike
3-1: Called Strike
3-2: Base on Balls
Florentino López to second
Batting: LHB Pancho Robles 0-0: Called Strike
0-1: Ball
1-1: Foul Ball, location: 2F
1-2: Strikes out swinging
Top of the 1st over - 1 run(s), 2 hit(s), 0 error(s), 2 left on base; Xavier 1 - Southern California 0
BOTTOM OF THE 1ST
Southern California Trojans batting - Pitching for Xavier Musketeers : RHP Garrett Bell
Pitching: RHP Garrett Bell
Batting: RHB Ben Byrd 0-0: Called Strike
0-1: Called Strike
0-2: Ball
1-2: Ball
2-2: Fly out, F8 (Flyball, 8LM)
Batting: RHB John Fergusson 0-0: Ball
1-0: Fly out, F9 (Flyball, 9)
Batting: LHB Kel Smith 0-0: Ball
1-0: Called Strike
1-1: Foul Ball, location: 2F
1-2: Fly out, F8 (Flyball, 8LM)
Bottom of the 1st over - 0 run(s), 0 hit(s), 0 error(s), 0 left on base; Xavier 1 - Southern California 0
TOP OF THE 2ND
Xavier Musketeers batting - Pitching for Southern California Trojans : RHP Micheal Farr
Batting: RHB Les Rupp 0-0: Called Strike
0-1: Foul Ball, location: 2F
0-2: Strikes out swinging
Batting: LHB Bobby Meegan 0-0: Ball
1-0: Ball
2-0: Ball
3-0: Called Strike
3-1: Base on Balls
Batting: RHB Bobby Doyle 0-0: Called Strike
0-1: Called Strike
0-2: Ball
1-2: Ball
2-2: Ball
3-2: Foul Ball, location: 2F
3-2: Foul Ball, location: 2F
3-2: Strikes out looking
Batting: RHB Art Cornell 0-0: Called Strike
0-1: Ball
1-1: Ball
2-1: Fielders Choice at 2nd, 4-6 (Groundball, 4)
Top of the 2nd over - 0 run(s), 0 hit(s), 0 error(s), 0 left on base; Xavier 1 - Southern California 0
BOTTOM OF THE 2ND
Southern California Trojans batting - Pitching for Xavier Musketeers : RHP Garrett Bell
Batting: RHB Mike Carter 0-0: Ball
1-0: Foul Ball, location: 2F
1-1: Called Strike
1-2: Ball
2-2: Foul Ball, location: 2F
2-2: Strikes out swinging
Batting: LHB Steve Herman 0-0: Ball
1-0: Foul Ball, location: 2F
1-1: Foul Ball, location: 2F
1-2: Ball
2-2: Strikes out looking
Batting: RHB Eddy Davenport 0-0: Called Strike
0-1: Ball
1-1: Swinging Strike
1-2: Foul Ball, location: 2F
1-2: Foul Ball, location: 2F
1-2: Strikes out swinging
Bottom of the 2nd over - 0 run(s), 0 hit(s), 0 error(s), 0 left on base; Xavier 1 - Southern California 0
TOP OF THE 3RD
Xavier Musketeers batting - Pitching for Southern California Trojans : RHP Micheal Farr
Batting: RHB Florentino López 0-0: Ball
1-0: SINGLE (Line Drive, 56D)
Batting: LHB Freddy Torres 0-0: Called Strike
0-1: Ball
1-1: Ball
2-1: Single, Error in OF, E7, batter to second base
Florentino López to third
Batting: LHB Luis Martínez 0-0: Ball
1-0: Ball
2-0: Swinging Strike
2-1: Ground out 4-3 (Groundball, 4)
Florentino López scores
Freddy Torres to third
Batting: RHB Jeff Lawrence 0-0: Ball
1-0: Swinging Strike
1-1: Foul Ball, location: 2F
1-2: Strikes out looking
Batting: LHB Pancho Robles 0-0: Fly out, F6 (Popup, 6MD)
Top of the 3rd over - 1 run(s), 2 hit(s), 1 error(s), 1 left on base; Xavier 2 - Southern California 0
BOTTOM OF THE 3RD
Southern California Trojans batting - Pitching for Xavier Musketeers : RHP Garrett Bell
Batting: LHB Gene Riddle 0-0: Ball
1-0: Called Strike
1-1: Foul Ball, location: 2F
1-2: Ground out 4-3 (Groundball, 34D)
Batting: SHB Will O'Clerkin 0-0: Foul Ball, location: 2F
0-1: Foul Ball, location: 2F
0-2: Strikes out swinging
Batting: RHB Ben Martínez 0-0: Ball
1-0: Called Strike
1-1: Called Strike
1-2: Ball
2-2: Foul Ball, location: 2F
2-2: SINGLE (Groundball, 56) (infield hit)
Batting: RHB Ben Byrd 0-0: Swinging Strike
0-1: Ball
1-1: Ball
2-1: Foul Ball, location: 2F
2-2: SINGLE (Flyball, 78S)
Ben Martínez to second
Batting: RHB John Fergusson 0-0: SINGLE (Line Drive, 89M)
Ben Martínez to third
Ben Byrd to second
Runner from 3rd tries for Home, SAFE, no throw
Batting: LHB Kel Smith 0-0: Called Strike
0-1: Ball
1-1: Swinging Strike
1-2: Foul Ball, location: 2F
1-2: Strikes out swinging
Bottom of the 3rd over - 1 run(s), 3 hit(s), 0 error(s), 2 left on base; Xavier 2 - Southern California 1
TOP OF THE 4TH
Xavier Musketeers batting - Pitching for Southern California Trojans : RHP Micheal Farr
Batting: RHB Les Rupp 0-0: Ball
1-0: Ball
2-0: Ball
3-0: Base on Balls
Batting: LHB Bobby Meegan 0-0: Foul Ball, location: 2F
0-1: 2-RUN HOME RUN (Flyball, 9D), Distance : 343 ft
Batting: RHB Bobby Doyle 0-0: Called Strike
0-1: Swinging Strike
0-2: Ball
1-2: Ground out 6-3 (Groundball, 6)
Pitching: RHP William Spencer
Batting: RHB Art Cornell 0-0: Ground out 5-3 (Groundball, 56)
Batting: RHB Florentino López 0-0: Ball
1-0: Ball
2-0: Called Strike
2-1: Foul Ball, location: 2F
2-2: DOUBLE (Flyball, 89D)
Batting: LHB Freddy Torres 0-0: Reached on error, E4 (Groundball, 4)
Florentino López to third
Batting: LHB Luis Martínez 0-0: Ball
1-0: Ground out 1-3 (Groundball, 13S)
Top of the 4th over - 2 run(s), 2 hit(s), 1 error(s), 2 left on base; Xavier 4 - Southern California 1
BOTTOM OF THE 4TH
Southern California Trojans batting - Pitching for Xavier Musketeers : RHP Garrett Bell
Batting: RHB Mike Carter 0-0: Ball
1-0: Ball
2-0: Ball
3-0: Called Strike
3-1: Base on Balls
Batting: LHB Steve Herman 0-0: Ball
1-0: Called Strike
Mike Carter steals 2nd base
1-1: Ball
2-1: Foul Ball, location: 2F
2-2: Ball
3-2: Base on Balls
Batting: RHB Eddy Davenport 0-0: Ball
1-0: Fly out, F8 (Line Drive, 8RM)
Batting: LHB Gene Riddle 0-0: Called Strike
Mike Carter steals 3rd base
Steve Herman to second
0-1: Ball
1-1: Foul Ball, location: 2F
1-2: Ball
Wild Pitch!
Mike Carter scores
Steve Herman to third
2-2: Strikes out swinging
Batting: SHB Will O'Clerkin 0-0: Foul Ball, location: 2F
0-1: Ball
1-1: Foul Ball, location: 2F
1-2: Ground out 3-1 (Groundball, 34)
Bottom of the 4th over - 1 run(s), 0 hit(s), 0 error(s), 1 left on base; Xavier 4 - Southern California 2
TOP OF THE 5TH
Xavier Musketeers batting - Pitching for Southern California Trojans : RHP William Spencer
Batting: RHB Jeff Lawrence 0-0: Called Strike
0-1: Foul Ball, location: 2F
0-2: Fly out, F8 (Flyball, 8LD)
Batting: LHB Pancho Robles 0-0: Called Strike
0-1: SINGLE (Groundball, 34D)
Batting: RHB Les Rupp 0-0: Ball
1-0: Ball
2-0: Swinging Strike
2-1: Foul Ball, location: 2F
2-2: Strikes out swinging
Batting: LHB Bobby Meegan 0-0: Ball
1-0: Ball
Pancho Robles steals 2nd base
2-0: Called Strike
2-1: Ball
3-1: Base on Balls
Batting: RHB Bobby Doyle 0-0: Fly out, F6 (Line Drive, 56)
Top of the 5th over - 0 run(s), 1 hit(s), 0 error(s), 2 left on base; Xavier 4 - Southern California 2
BOTTOM OF THE 5TH
Southern California Trojans batting - Pitching for Xavier Musketeers : RHP Garrett Bell
Batting: RHB Ben Martínez 0-0: Fly out, F8 (Flyball, 8RM)
Batting: RHB Ben Byrd 0-0: Ball
1-0: Foul Ball, location: 2F
1-1: SINGLE (Groundball, 25) (infield hit)
Batting: RHB John Fergusson 0-0: Ball
Ben Byrd steals 2nd base
1-0: Called Strike
1-1: Ball
2-1: Foul Ball, location: 2F
2-2: Fly out, F2 (Popup, 5S)
Pitching: RHP Leonard Henderson
Batting: LHB Kel Smith 0-0: Ball
1-0: Foul Ball, location: 2F
1-1: Ball
2-1: Foul Ball, location: 2F
2-2: Ball
3-2: Ground out 1-3 (Groundball, 15)
Bottom of the 5th over - 0 run(s), 1 hit(s), 0 error(s), 1 left on base; Xavier 4 - Southern California 2
TOP OF THE 6TH
Xavier Musketeers batting - Pitching for Southern California Trojans : RHP William Spencer
Batting: RHB Art Cornell 0-0: Ball
1-0: Ground out 6-3 (Groundball, 6)
Batting: RHB Florentino López 0-0: Foul Ball, location: 2F
0-1: Ball
1-1: Called Strike
1-2: Ball
2-2: Fly out, F8 (Flyball, 8LD)
Batting: LHB Freddy Torres 0-0: Foul Ball, location: 2F
0-1: Ball
1-1: Foul Ball, location: 2F
1-2: Foul Ball, location: 2F
1-2: Strikes out swinging
Top of the 6th over - 0 run(s), 0 hit(s), 0 error(s), 0 left on base; Xavier 4 - Southern California 2
BOTTOM OF THE 6TH
Southern California Trojans batting - Pitching for Xavier Musketeers : RHP Leonard Henderson
Batting: RHB Mike Carter 0-0: Foul Ball, location: 2F
0-1: Ball
1-1: Foul Ball, location: 2F
1-2: Strikes out swinging
Batting: LHB Steve Herman 0-0: Ball
1-0: Foul Ball, location: 2F
1-1: Swinging Strike
1-2: Foul Ball, location: 2F
1-2: Fly out, F7 (Flyball, 7)
Batting: RHB Eddy Davenport 0-0: Ball
1-0: Ball
2-0: Ball
3-0: Base on Balls
Batting: LHB Gene Riddle 0-0: Ball
1-0: Foul Ball, location: 2F
1-1: Ball
2-1: Foul Ball, location: 2F
2-2: Ball
3-2: Foul Ball, location: 2F
3-2: Foul Ball, location: 2F
3-2: Foul Ball, location: 2F
3-2: Foul Ball, location: 2F
3-2: Base on Balls
Eddy Davenport to second
Batting: SHB Will O'Clerkin 0-0: Ball
1-0: Ball
2-0: Ball
3-0: Base on Balls
Eddy Davenport to third
Gene Riddle to second
Batting: RHB Ben Martínez 0-0: Called Strike
0-1: Foul Ball, location: 2F
0-2: Ball
1-2: Ball
2-2: TRIPLE (Flyball, 89D)
Eddy Davenport scores
Gene Riddle scores
Will O'Clerkin scores
Pitching: RHP Bob Dixon
Batting: RHB Ben Byrd 0-0: 2-RUN HOME RUN (Flyball, 78XD), Distance : 370 ft
Batting: RHB John Fergusson 0-0: Ground out 5-3 (Groundball, 5)
Bottom of the 6th over - 5 run(s), 2 hit(s), 0 error(s), 0 left on base; Xavier 4 - Southern California 7
TOP OF THE 7TH
Xavier Musketeers batting - Pitching for Southern California Trojans : RHP William Spencer
Batting: LHB Luis Martínez 0-0: Called Strike
0-1: SINGLE (Groundball, 56D)
Batting: RHB Jeff Lawrence 0-0: SINGLE (Line Drive, 7S)
Luis Martínez to second
Batting: LHB Pancho Robles 0-0: Ball
1-0: Ball
2-0: SINGLE (Groundball, 25) (infield hit)
Luis Martínez to third
Jeff Lawrence to second
Batting: RHB Les Rupp 0-0: Ball
1-0: Fly out, F8 (Line Drive, 8LM)
Runner from 3rd tags up, SCORES, throw made
Batting: LHB Bobby Meegan 0-0: Ball
1-0: Called Strike
1-1: Fly out, F2 (Popup, 25)
Batting: RHB Bobby Doyle 0-0: Foul Ball, location: 2F
0-1: Called Strike
0-2: Ball
1-2: Ball
2-2: Strikes out looking
Top of the 7th over - 1 run(s), 3 hit(s), 0 error(s), 2 left on base; Xavier 5 - Southern California 7
BOTTOM OF THE 7TH
Southern California Trojans batting - Pitching for Xavier Musketeers : RHP Bob Dixon
Batting: LHB Kel Smith 0-0: Ball
1-0: Called Strike
1-1: Ball
2-1: Foul Ball, location: 2F
2-2: Strikes out swinging passed ball, reaches first!
Batting: RHB Mike Carter 0-0: Ball
1-0: Called Strike
1-1: Ball
2-1: Fly out, F8 (Flyball, 89XD)
Batting: LHB Steve Herman 0-0: Swinging Strike
0-1: Foul Ball, location: 2F
0-2: Ball
1-2: Ball
2-2: Ball
3-2: Foul Ball, location: 2F
3-2: Foul Ball, location: 2F
3-2: Base on Balls
Kel Smith to second
Batting: RHB Eddy Davenport 0-0: Called Strike
0-1: Foul Ball, location: 2F
0-2: Strikes out swinging
Pinch Hitting: RHB Homer Griffin 0-0: Ball
1-0: Ball
2-0: Ball
3-0: Base on Balls
Kel Smith to third
Steve Herman to second
Batting: SHB Will O'Clerkin 0-0: Ball
1-0: Ball
2-0: Ball
3-0: Called Strike
3-1: Foul Ball, location: 2F
3-2: Base on Balls
Kel Smith scores
Steve Herman to third
Homer Griffin to second
Batting: RHB Ben Martínez 0-0: Ball
1-0: Foul Ball, location: 2F
1-1: Ball
2-1: Called Strike
2-2: Foul Ball, location: 2F
2-2: Ball
3-2: Base on Balls
Steve Herman scores
Homer Griffin to third
Will O'Clerkin to second
Pitching: RHP Luis Herrera
Batting: RHB Ben Byrd 0-0: Ball
1-0: Called Strike
1-1: Foul Ball, location: 2F
1-2: Ball
2-2: Foul Ball, location: 2F
2-2: Strikes out swinging
Bottom of the 7th over - 2 run(s), 0 hit(s), 0 error(s), 3 left on base; Xavier 5 - Southern California 9
TOP OF THE 8TH
Xavier Musketeers batting - Pitching for Southern California Trojans : RHP William Spencer
Pitching: LHP Chris Brown
Now at 1B: Carl Hodge
Batting: RHB Art Cornell 0-0: Ball
1-0: Foul Ball, location: 2F
1-1: Ball
2-1: Ball
3-1: Called Strike
3-2: Ground out 6-3 (Groundball, 6S)
Batting: RHB Florentino López 0-0: Ball
1-0: Ball
2-0: Swinging Strike
2-1: SINGLE (Groundball, 4MD)
Batting: LHB Freddy Torres 0-0: Ball
1-0: Called Strike
1-1: Ball
2-1: Ball
3-1: Base on Balls
Florentino López to second
Batting: LHB Luis Martínez 0-0: Ball
1-0: Fly out, F8 (Flyball, 8LM)
Pitching: RHP Cam Roberts
Batting: RHB Jeff Lawrence 0-0: Called Strike
0-1: Ball
1-1: Fly out, F8 (Flyball, 8LS)
Top of the 8th over - 0 run(s), 1 hit(s), 0 error(s), 2 left on base; Xavier 5 - Southern California 9
BOTTOM OF THE 8TH
Southern California Trojans batting - Pitching for Xavier Musketeers : RHP Luis Herrera
Batting: RHB John Fergusson 0-0: Called Strike
0-1: Ball
1-1: SINGLE (Line Drive, 7LS)
Batting: LHB Kel Smith 0-0: Called Strike
0-1: Ball
1-1: Foul Ball, location: 2F
1-2: Ball
2-2: Fly out, F7 (Flyball, 7LSF)
Batting: RHB Mike Carter 0-0: Ball
Wild Pitch!
John Fergusson to second
1-0: Fly out, F9 (Flyball, 9S)
Batting: LHB Steve Herman 0-0: Called Strike
0-1: Foul Ball, location: 2F
0-2: Ball
1-2: Strikes out swinging
Bottom of the 8th over - 0 run(s), 1 hit(s), 0 error(s), 1 left on base; Xavier 5 - Southern California 9
TOP OF THE 9TH
Xavier Musketeers batting - Pitching for Southern California Trojans : RHP Cam Roberts
Batting: LHB Pancho Robles 0-0: Called Strike
0-1: Foul Ball, location: 2F
0-2: Foul Ball, location: 2F
0-2: Ball
1-2: Strikes out swinging
Batting: RHB Les Rupp 0-0: Foul Ball, location: 2F
0-1: Ball
1-1: Ground out 5-3 (Groundball, 56)
Batting: LHB Bobby Meegan 0-0: Called Strike
0-1: Ball
1-1: Ball
2-1: Called Strike
2-2: Ball
3-2: Strikes out swinging
Top of the 9th over - 0 run(s), 0 hit(s), 0 error(s), 0 left on base; Xavier 5 - Southern California 9
Tuesday, August 8th, 2017 - OOTP Baseball 17.12 Build 75